Map: Data-C

Players

PandaBearMe

  • Race: Zerg Zerg
  • Spawn Location: 3:00

Scarlett - Winner!

  • Race: Zerg Zerg
  • Spawn Location: 9:00

Event: DreamHack SC2 Masters 2022 Atlanta (Offline)

VOD

Have the link to the VOD?

Description

Time

  • Played on: Nov. 18, 2022, 9:57 a.m.
  • Length: 9:21

All games in this series

Show
View Real Time Build Order
Export as new Build Order

PandaBearMe Zerg 

Build Orders: Hatch First, Zergling Baneling 

Get SALT Encoding   

  12  0:00  Drone  
  13  0:13  Overlord  
  13  0:17  Drone  
  14  0:32  Drone x2  
  16  0:49  Hatchery  
  15  0:52  Drone  
  15  0:55  Drone  
  17  0:59  Drone  
  17  1:02  Extractor  
  17  1:16  Spawning Pool  
  16  1:19  Drone  
  16  1:22  Drone  
  18  1:30  Drone  
  19  1:42  Drone  
  20  1:51  Drone  
  21  1:55  Evolution Chamber  
  20  2:02  Queen x2  
  20  2:07  Zergling x4  
  26  2:16  Overlord  
  26  2:18  Drone  
  27  2:25  Zerg Ground Armor Level 1  
  27  2:30  Drone  
  28  2:37  Drone x3  
  31  2:47  Queen  
  33  2:52  Overlord  
  33  2:54  Drone  
  33  2:57  Drone  
  35  3:03  Metabolic Boost  
  33  3:13  Zergling x2  
  33  3:14  Zergling x8  
  33  3:16  Zergling x2  
  33  3:18  Zergling x2  
  40  3:22  Zergling x2  
  40  3:25  Zergling x4  
  43  3:27  Zergling x2  
  43  3:32  Baneling Nest  
  43  3:33  Zergling x2  
  44  3:39  Overlord  
  44  3:44  Overlord  
  44  3:49  Overlord  
  44  3:55  Overlord  
  44  3:59  Zergling x6  
  44  4:01  Zergling x2  
  48  4:05  Zergling x4  
  48  4:07  Zergling x2  
  51  4:15  Zergling x4  
  51  4:17  Baneling x5  
  53  4:20  Zergling x2  
  53  4:23  Zergling x4  
  56  4:25  Baneling  
  56  4:26  Baneling  
  56  4:33  Zergling x6  
  56  4:35  Zergling x2  
  57  4:40  Zergling x4  
  57  4:41  Baneling  
  55  4:52  Zergling x4  
  50  4:54  Zergling x6  
  50  4:55  Zergling x2  
  51  5:00  Zergling x2  
  51  5:06  Zergling x2  
  47  5:07  Baneling  
  47  5:08  Baneling  
  47  5:10  Zergling x2  
  48  5:20  Zergling x2  
  44  5:24  Zergling x4  
  44  5:26  Zergling x10  
  44  5:28  Baneling x2  
  47  5:30  Zergling x2  
  48  5:36  Zergling x2  
  48  5:40  Zergling x2  
  50  5:50  Zerg Melee Weapons Level 1  
  50  5:57  Zergling x4  
  50  5:59  Zergling x4  
  50  6:02  Hatchery  
  50  6:03  Zergling x4  
  50  6:04  Zergling x2  
  55  6:06  Zergling x2  
  55  6:10  Zergling x2  
  53  6:12  Zergling x2  
  53  6:15  Zergling x2  
  48  6:29  Drone  
  48  6:30  Drone x2  
  49  6:34  Zergling x12  
  55  6:46  Zergling x4  
  57  6:52  Baneling x2  
  57  6:53  Baneling  
  55  6:55  Zergling x4  
  57  7:07  Zergling x12  
  59  7:12  Baneling  
  59  7:13  Baneling x4  
  59  7:14  Zergling x4  
  61  7:18  Zergling x2  
  61  7:21  Zergling x2  
  63  7:22  Queen  
  63  7:25  Zergling x2  
  63  7:27  Baneling x2  
  60  7:39  Zergling x4  
  60  7:40  Zergling x6  
  60  7:41  Zergling x2  
  60  7:42  Zergling x2  
  62  7:51  Drone x3  
  64  7:54  Drone  
  64  7:57  Drone  
  66  7:59  Drone x2  
  66  8:04  Drone x2  
  70  8:06  Drone  
  71  8:13  Lair  
  71  8:15  Drone  
  71  8:16  Drone  
  71  8:18  Drone  
  74  8:21  Drone x2  
  74  8:23  Drone  
  74  8:25  Drone  
  78  8:28  Extractor  
  78  8:29  Extractor  
  78  8:30  Extractor  
  78  8:32  Extractor  
  74  8:37  Extractor  
  74  8:38  Drone  
  74  8:39  Drone x5  
  79  8:42  Drone  
  79  8:47  Drone  
  79  8:48  Overlord  
Show
View Real Time Build Order
Export as new Build Order

Scarlett Zerg - Winner!

Build Orders: Hatch First 

Get SALT Encoding   

  12  0:00  Drone  
  13  0:12  Overlord  
  13  0:17  Drone  
  14  0:30  Drone x2  
  16  0:47  Hatchery  
  15  0:51  Drone  
  15  0:54  Drone  
  17  0:58  Drone  
  18  1:09  Extractor  
  17  1:13  Spawning Pool  
  17  1:16  Drone  
  17  1:20  Drone  
  18  1:28  Drone  
  19  1:41  Drone  
  20  1:50  Drone  
  21  1:59  Queen  
  21  2:00  Queen  
  25  2:01  Zergling x2, Overlord  
  26  2:10  Drone x2  
  26  2:11  Metabolic Boost  
  28  2:21  Drone x2  
  30  2:29  Spine Crawler  
  29  2:34  Drone x2  
  29  2:37  Queen  
  31  2:42  Overlord  
  33  2:46  Zergling x2  
  34  2:56  Zergling x2  
  35  2:59  Overlord  
  35  3:10  Drone x3  
  35  3:11  Drone x5  
  43  3:26  Hatchery  
  42  3:29  Drone x2  
  42  3:31  Drone, Evolution Chamber  
  44  3:35  Drone  
  44  3:41  Extractor  
  44  3:42  Zergling x8  
  48  3:50  Overlord  
  48  3:51  Zergling x6  
  51  3:58  Zerg Ground Armor Level 1  
  51  4:02  Roach Warren  
  50  4:07  Evolution Chamber  
  48  4:15  Queen  
  48  4:16  Queen  
  53  4:18  Overlord x2  
  53  4:20  Drone  
  53  4:21  Drone x3  
  57  4:37  Evolution Chamber  
  56  4:39  Roach Warren  
  55  4:45  Zergling x2  
  55  4:46  Zergling x12  
  62  4:54  Zergling x10  
  62  4:56  Zergling x2  
  57  5:01  Zergling x2  
  56  5:09  Spine Crawler  
  55  5:14  Roach Warren  
  51  5:25  Zergling x2  
  51  5:26  Zergling x12  
  41  5:30  Spine Crawler  
  41  5:34  Queen  
  42  5:54  Roach x5  
  52  6:00  Roach  
  54  6:08  Roach x2, Evolution Chamber  
  54  6:24  Queen  
  55  6:27  Drone  
  55  6:28  Drone x3  
  59  6:35  Lair  
  59  6:45  Roach x3  
  65  6:52  Roach  
  59  6:55  Extractor  
  59  6:58  Drone x6  
  60  7:07  Roach  
  58  7:13  Roach x2  
  62  7:19  Roach  
  64  7:23  Roach x2  
  64  7:28  Evolution Chamber  
  67  7:30  Evolution Chamber  
  67  7:35  Roach x4  
  72  7:41  Roach x2  
  77  7:46  Evolution Chamber  
  77  7:48  Evolution Chamber  
  76  7:51  Overlord x2  
  76  7:54  Overlord  
  76  7:56  Glial Reconstitution  
  76  8:05  Nydus Network  
  75  8:07  Drone  
  75  8:10  Extractor  
  75  8:11  Drone x4  
  79  8:13  Drone  
  79  8:21  Overseer  
  79  8:23  Drone x5  
  79  8:26  Overlord  
  84  8:28  Roach x2  
  84  8:31  Roach  
  92  8:41  Roach x2  
  94  8:51  Nydus Canal  
  94  8:53  Roach x3  
  94  8:54  Roach  
  102  9:00  Evolution Chamber  
Tags
 
Add a new tag
Caveats
  • Supply blocks, unpowered buildings, or Contaminate may cause inaccurate times.
  • Supply counts are checked every 10 seconds.